 Dungeon Crawl Stone Soup version 0.32-a0-422-g28b100f618 (webtiles) character file.

Game seed: 14779322261343364313

217073 sanka the Merfolkian Blade (level 19, -8/163 HPs)
             Began as a Merfolk Alchemist on Feb 20, 2024.
             Was the Champion of Okawaru.
             Succumbed to a guardian serpent's bolt of poison
             ... on level 4 of the Snake Pit on Feb 21, 2024.
             The game lasted 01:24:48 (48478 turns).

sanka the Merfolkian Blade (Merfolk Alchemist)     Turns: 48478, Time: 01:24:49

Health: -8/163     AC: 21    Str: 10    XL:     19   Next: 7%
Magic:  7/28       EV: 26    Int: 17    God:    Okawaru [******]
Gold:   590        SH:  0    Dex: 18    Spells: 17/26 levels left

rFire   . . .        a - +3 triple sword (freeze)
rCold   . . .        (shield currently unavailable)
rNeg    . . .        R - +5 robe of Night {Dark Will+ SInv}
rPois   .            V - +2 hat of the Bear Spirit {Spirit, Bear, *Rage Will++}
rElec   .            t - scarf {repulsion}
rCorr   .            s - +0 pair of gloves
SInv    +            X - +2 pair of boots
Will    ++++.        N - amulet of the Black Skies {RegenMP ^Fragile Slay+5}
Stlth   ++           Q - +4 ring of protection
HPRegen 0.47/turn    D - +4 ring of protection
MPRegen 0.61/turn

%: random rage (20%), repel missiles, guardian spirit
@: lethally poisoned (-8 -> -40), on berserk cooldown, slowed, very slow
A: (nimble swimmer 2), mertail
}: 1/15 runes: barnacled
a: Renounce Religion, Heroism, Finesse, Duel


You were on level 4 of the Snake Pit.
You worshipped Okawaru.
Okawaru was exalted by your worship.
You visited 6 branches of the dungeon, and saw 31 of its levels.
You also visited: Ossuary, Gauntlet and Volcano.

You collected 3403 gold pieces.
You spent 2813 gold pieces at shops.


Innate Abilities, Weirdness & Mutations

((You are very nimble when in or above water. (Stealth+, EV+, Speed+++)))
Your lower body shifts to a powerful aquatic tail in water.


   Skills:
 + Level 18.2 Fighting
 - Level 22.0 Long Blades
 + Level 21.4 Dodging
 - Level 2.1 Stealth
 - Level 4.0 Spellcasting
 - Level 1.0 Conjurations
 - Level 5.0 Fire Magic
 - Level 13.0 Alchemy
 - Level 12.0 Invocations


You had 17 spell levels left.
You knew the following spells:

 Your Spells              Type           Power      Damage    Failure   Level
x - Sticky Flame          Fire/Alch      34%        2d7       3%          4
z - Sting                 Conj/Alch      100%       1d9       1%          1
X - Olgreb's Toxic Radia  Alch           47%        N/A       1%          4

Your spell library contained the following spells:

 Spells                   Type           Power      Damage    Failure   Level
 Mercury Vapours          Alch/Air       50%        N/A       1%          2
 Cigotuvi's Dreadful Rot  Necr/Alch/Air  36%        N/A       4%          2
 Mephitic Cloud           Conj/Alch/Air  19%        N/A       7%          3
 Fulminant Prism          Conj/Alch      13%        3d9       9%          4
 Magic Dart               Conj           24%        1d4       11%         1
 Kiss of Death            Conj/Necr      20%        2d7       13%         1
 Necrotise                Necr           12%        1d4       16%         1
 Slow                     Hex            12%        N/A       16%         1
 Searing Ray              Conj           12%        2d4       16%         2
 Momentum Strike          Conj/Tloc      10%        3d8       19%         2
 Static Discharge         Conj/Air       10%        3-4/arc   19%         2
 Blink                    Tloc           6%         N/A       24%         2
 Ensorcelled Hibernation  Hex/Ice        6%         N/A       24%         2
 Lesser Beckoning         Tloc           6%         N/A       24%         2
 Dazzling Flash           Conj/Hex       10%        N/A       36%         3
 Hailstorm                Conj/Ice       5%         3d5       36%         3
 Flame Wave               Conj/Fire      13%        2d6       41%         4
 Confusing Touch          Hex            3%         N/A       43%         3
 Fugue of the Fallen      Necr           3%         N/A       43%         3
 Ozocubu's Armour         Ice            3%         N/A       43%         3
 Passwall                 Erth           3%         N/A       43%         3
 Sigil of Binding         Hex            3%         N/A       43%         3
 Swiftness                Air            3%         N/A       43%         3
 Vampiric Draining        Necr           3%         2d6       43%         3
 Fireball                 Conj/Fire      6%         3d5       77%         5
 Airstrike                Air            1%         2d(1-17)  83%         4
 Anguish                  Hex/Necr       1%         N/A       83%         4
 Cause Fear               Hex            1%         N/A       83%         4
 Dispel Undead            Necr           3%         3d7       83%         4
 Manifold Assault         Tloc           3%         N/A       83%         4
 Passage of Golubria      Tloc           3%         N/A       83%         4
 Vhi's Electric Charge    Tloc/Air       6%         N/A       83%         4
 Arcjolt                  Conj/Air       2%         1d12      98%         5
 Freezing Cloud           Conj/Ice/Air   2%         6-21      98%         5
 Curse of Agony           Necr           3%         N/A       99%         5
 Silence                  Hex/Air        1%         N/A       99%         5
 Lehudib's Crystal Spear  Conj/Erth      2%         10d2      100%        8
 Maxwell's Capacitive Co  Air            1%         ∞         100%        8
 Call Imp                 Summ           Unusable   N/A       N/A         2
 Summon Ice Beast         Ice/Summ       Unusable   N/A       N/A         3
 Martyr's Knell           Necr/Summ      Unusable   N/A       N/A         4
 Summon Lightning Spire   Summ/Air       Unusable   N/A       N/A         4
 Sculpt Simulacrum        Ice/Alch       Unusable   N/A       N/A         6
 Death Channel            Necr           Unusable   N/A       N/A         6
 Dragon's Call            Summ           Unusable   N/A       N/A         9

Inventory:

Hand Weapons
 a - a +3 triple sword of freezing (weapon)
 b - a +0 great sword of flaming
Missiles
 k - 2 throwing nets {=f}
 w - 3 curare-tipped darts {=f}
Armour
 s - a +0 pair of gloves (worn)
 t - a scarf of repulsion (worn)
 R - the +5 robe of Night (worn) {Dark Will+ SInv}

   Dark:      It shrouds the wearer in darkness, reducing the range at which
   they can see and be seen by others.
   Will+:     It increases your willpower.
   SInv:      It lets you see invisible.
 V - the +2 hat of the Bear Spirit (worn) {Spirit, Bear, *Rage Will++}

   Bear:      Going berserk makes the wearer exceptionally tough, and they are
   slowed for a shorter time afterward.
   Will++:    It greatly increases your willpower.
   *Rage:     It berserks you when you make melee attacks (+20% chance).
 X - a +2 pair of boots (worn)
Magical Staves
 e - a staff of alchemy
Jewellery
 j - the ring "Aschamuoxt" {rF+ Int+4 SInv}

   [ring of see invisible]

   Int+4:     It affects your intelligence (+4).
   rF+:       It protects you from fire.
   SInv:      It lets you see invisible.
 D - a +4 ring of protection (right hand)
 N - the amulet of the Black Skies (around neck) {RegenMP ^Fragile Slay+5}

   [amulet of magic regeneration]

   RegenMP:   It increases your rate of magic regeneration.
   Slay+5:    It affects your accuracy & damage with ranged weapons and melee
   (+5).
   ^Fragile:  It will be destroyed if unequipped.
 Q - a +4 ring of protection (left hand)
 T - the ring "Olydisa" {rC+++ rCorr Str-4 Int-2}

   [ring of resist corrosion]

   Str-4:     It affects your strength (-4).
   Int-2:     It affects your intelligence (-2).
   rC+++:     It renders you almost immune to cold.
   rCorr:     It protects you from acid and corrosion.
 W - a +4 ring of slaying
Talismans
 U - a serpent talisman
Wands
 F - a wand of paralysis (14)
 I - a wand of flame (41)
 J - a wand of mindburst (17)
 K - a wand of light (9)
 M - a wand of polymorph (4)
 O - a wand of iceblast (28)
 S - a wand of digging (11)
Scrolls
 f - 8 scrolls of revelation
 l - 5 scrolls of vulnerability {!r}
 n - 9 scrolls of fog
 q - 4 scrolls of identify {@r1}
 v - 5 scrolls of fear
 x - 12 scrolls of teleportation {@r4}
 A - 3 scrolls of poison {!r}
 B - 9 scrolls of blinking
 C - a scroll of enchant armour
 Z - a scroll of silence {!r}
Potions
 c - 6 potions of heal wounds {@q2}
 g - 6 potions of brilliance
 h - 13 potions of curing {@q1}
 i - 5 potions of cancellation
 m - 7 potions of haste {@q3}
 o - 4 potions of invisibility
 p - 5 potions of attraction {!q}
 r - 3 potions of enlightenment
 u - 7 potions of might
 z - 5 potions of ambrosia
 E - 2 potions of resistance
 G - 3 potions of lignification {!q}
 H - 5 potions of mutation {!q}
 L - 2 potions of magic
 P - 4 potions of berserk rage {!q}
Miscellaneous
 y - a condenser vane

Dungeon Overview and Level Annotations

Branches:
Dungeon (15/15)            Temple (1/1) D:4            Lair (5/5) D:10
 Shoals (4/4) Lair:2        Snake (4/4) Lair:2        Slime (0/5) Lair:5
    Orc (2/2) D:10            Elf (0/3) Orc:2        Vaults (0/5) D:13
 Depths (0/4) D:15        Ossuary (visited)         Volcano (visited)
Gauntlet (visited)

Altars:
Ashenzari
Cheibriados
Dithmenos
Elyvilon
Fedhas
Gozag
Hepliaklqana
Kikubaaqudgha
Makhleb
Nemelex Xobeh
Okawaru
Qazlal
Ru
Sif Muna
Trog
Uskayaw
Vehumet
Wu Jian
Xom
Yredelemnul
Zin
The Shining One
Beogh
Jiyva

Shops:
D:11 !   D:15 [   Orc:1 [   Orc:2 ::?(   Shoals:1 = Shoals:4

* ▒.▒ ▒.▒
▒.▒ ▒.▒ ▒
▒.▒ ▒▒▒
▒.▒m▒....
▒S..'....
▒...▒....
▒...▒S...
▒.N.▒ ..N
....▒ ...
▒▒▒▒▒▒


You could see an anaconda (asleep), a mana viper (asleep) and 2 nagas.


Message History

You feel very sick.
The guardian serpent coils itself and waves its upper body at you.
The naga mage completely misses you. The naga mage grabs you.
The naga mage constricts you.
* * * LOW HITPOINT WARNING * * *
The guardian serpent hits you but does no damage.
The naga sharpshooter unwields a +0 halberd.
The naga sharpshooter wields a +0 shortbow.
The naga sharpshooter mumbles some strange words.
The naga sharpshooter magically shoots an arrow.
The arrow closely misses you. The salamander misses you.
The guardian serpent coils itself and waves its upper body at you.
The bolt of poison hits you!
You are lethally poisoned!
* * * LOW HITPOINT WARNING * * *
Unknown command.
Unknown command.
You slice the naga sharpshooter!! You freeze the naga sharpshooter!
The naga sharpshooter is almost dead.
Your surroundings suddenly seem different.
Something loses its grip on you.
An anaconda and 2 nagas come into view.
* * * LOW HITPOINT WARNING * * *
You feel extremely sick.
Unknown command.
A mana viper comes into view.
You die...

Action                     |  1- 3 |  4- 6 |  7- 9 | 10-12 | 13-15 | 16-18 | 19-21 || total
---------------------------+-------+-------+-------+-------+-------+-------+-------++-------
  Melee: Unarmed           |    24 |       |       |       |       |       |       ||    24
         Short sword       |       |     2 |   246 |       |       |       |       ||   248
         Tailslap          |       |       |     3 |       |     3 |    64 |       ||    70
         Triple sword      |       |       |       |    65 |   762 |  1152 |    34 ||  2013
         Great sword       |       |       |       |       |     8 |     3 |       ||    11
   Fire: Orcbow            |       |       |     6 |   276 |       |       |       ||   282
   Cast: Sting             |    43 |   119 |    40 |       |       |       |       ||   202
         Olgreb's Toxic Ra |       |     3 |    17 |    46 |    82 |    11 |       ||   159
         Sticky Flame      |       |       |    12 |    47 |    86 |     2 |       ||   147
 Invoke: Heroism           |       |       |       |     8 |    13 |     7 |       ||    28
         Receive Weapon    |       |       |       |     1 |       |       |       ||     1
         Receive Armour    |       |       |       |     1 |       |       |       ||     1
  Evoke: Wand              |       |       |       |       |     2 |     2 |       ||     4
    Use: Scroll            |       |       |       |    10 |    10 |     7 |     1 ||    28
         Potion            |       |       |       |     4 |     5 |       |       ||     9
   Stab: Sleeping          |       |       |     2 |       |     3 |    17 |       ||    22
         Distracted        |       |       |       |     2 |     3 |     2 |     1 ||     8
         Paralysed         |       |       |       |       |     2 |     1 |       ||     3
         Petrifying        |       |       |       |       |       |     1 |       ||     1
         Petrified         |       |       |       |       |       |     1 |       ||     1
 Armour: Robe              |    24 |    23 |    89 |    90 |   394 |   419 |    33 ||  1072
         Steam dragon scal |       |       |    25 |    27 |       |       |       ||    52
         Acid dragon scale |       |       |       |    94 |       |       |       ||    94
  Dodge: Dodged            |    25 |    31 |   115 |   228 |   760 |   926 |    80 ||  2165
         Repelled          |       |     3 |       |     4 |    13 |    18 |     1 ||    39
  Block: Other             |       |       |       |    20 |   172 |    55 |       ||   247
         Reflection        |       |       |       |       |    12 |     2 |       ||    14

Levels and vault maps discovered:
D:1:      dpeg_arrival_circle_labyrinth_c, layout_basic,
          chequers_serial_rivers_micro_e, dreamdust_mushroom_princess
D:2:      layout_basic, minmay_tetromino_o4, uniq_terence
D:3:      layout_loops_ring, mainiacjoe_overflow_catwalk_spiral
D:4:      layout_basic, general_overflow_altar,
          minmay_temple_entry_gardened_gates, nicolae_figureground_sparkle,
          uniq_blork_the_orc
D:5:      layout_basic, dreamdust_princess_bridge, uniq_pikel
D:6:      layout_loops_ring, mainiacjoe_overflow_concentric_impassable,
          cheibrodos_ashenzari_chains, mainiacjoe_overflow_alcove_1,
          old_standard_altar, mainiacjoe_ossuary_entry_find_the_door,
          uniq_maggie
D:7:      layout_rooms, bloody_trog
D:8:      layout_loops_ring, mainiacjoe_overflow_catwalk,
          mrwooster_statue_mirror
D:9:      layout_roguey
D:10:     layout_loops_corners, lair_entry_dummy, orc_0_dummy,
          gammafunk_ghost_ooze, hangedman_abyss_or_decor_passed,
          grunt_ministairs_15, blue_anna_alchemist
D:11:     layout_irregular_city, serial_shops, nicolae_shop_industrial_runoff,
          tso_oasis_becter
D:12:     layout_grid_maze
D:13:     minmay_stepped, layout_loops_corners,
          skrybe_vaults_entry_preservation, kennysheep_decorative_pillar,
          uniq_sonja
D:14:     minmay_distorted_concentric_squares, layout_basic,
          kiku_gazebo_pond_becter, gauntlet_entry_generic
D:15:     grunt_enter_depths_magical_seal, layout_basic, xom_teletrap_fun,
          serial_shops, shop
Temple:   dshaligram_water_room_temple
Lair:1:   layout_misc_corridors, pdpol_lair_cavern_descent,
          infiniplex_staircase_pool
Lair:2:   layout_cave_pods, minmay_shoals_entry_hut, alex1729_snake_entry_snake,
          nicolae_volcano_entry_batcave, grunt_forest_stairs_clearing,
          uniq_nergalle
Lair:3:   layout_gridlike, beast_lair_carwin_8, uniq_amaemon
Lair:4:   layout_small_grid
Lair:5:   hangedman_lair_tendril_chambers, layout_misc_corridors, wormcave,
          nicolae_slime_entry_field_trip, lemuel_fruit_tree
Shoals:1: layout_shoals, serial_shops, nicolae_shop_tiny_glass,
          gammafunk_ghost_grave, st_sunken_huts, uniq_kirke, uniq_mlioglotl
Shoals:2: layout_shoals, uniq_polyphemus, uniq_ilsuiw
Shoals:3: layout_shoals
Shoals:4: shoals_end_simple, layout_shoals, lemuel_altar_in_water,
          nicolae_shoals_lost_giant_amphitheater, nicolae_shop_overcharged_wands
Snake:1:  layout_basic, serial_library_hellmonk_hallway_b
Snake:2:  hangedman_cross_veins, layout_misc_corridors,
          nicolae_fountain_basement, grunt_megastairs_5, uniq_aizul
Snake:3:  layout_chambers
Snake:4:  grunt_snake_rune_serpentine_throne, layout_gridlike, drop_trap,
          serial_bayou_shore_b, uniq_vashnia
Orc:1:    layout_diamond_mine, basic_altar, serial_shops,
          nicolae_shop_rolling_square, uniq_jorgrun
Orc:2:    kennysheep_orc_mage_school, layout_caves, ebering_ghost_rock_garden,
          minmay_orc_keep, uniq_erolcha

Notes
Turn   | Place    | Note
-------+----------+-------------------------------------------
     0 | D:1      | sanka the Merfolk Alchemist began the quest for the Orb.
     0 | D:1      | Reached XP level 1. HP: 13/13 MP: 3/3
   111 | D:1      | Reached skill level 1 in Conjurations
   181 | D:1      | Reached XP level 2. HP: 17/19 MP: 0/5
   432 | D:1      | Reached XP level 3. HP: 24/24 MP: 2/6
  1280 | D:2      | Reached skill level 5 in Alchemy
  1355 | D:2      | Reached skill level 3 in Spellcasting
  1355 | D:2      | Reached XP level 4. HP: 30/30 MP: 2/8
  1614 | D:2      | Noticed Terence
  1625 | D:2      | Killed Terence
  1626 | D:2      | Reached XP level 5. HP: 33/35 MP: 0/10
  1834 | D:2      | Reached skill level 6 in Alchemy
  2147 | D:2      | Learned a level 4 spell: Olgreb's Toxic Radiance
  2152 | D:2      | Learned a level 4 spell: Sticky Flame
  2770 | D:3      | Reached skill level 4 in Spellcasting
  2863 | D:3      | Found a sparkling altar of Nemelex Xobeh.
  2985 | D:3      | Found a shimmering blue altar of Sif Muna.
  3296 | D:4      | Found a staircase to the Ecumenical Temple.
  3310 | Temple   | Entered the Ecumenical Temple
  3319 | Temple   | Became a worshipper of Warmaster Okawaru
  3631 | D:4      | Noticed Blork the orc
  3640 | D:4      | Killed Blork the orc
  3641 | D:4      | Reached skill level 7 in Alchemy
  3641 | D:4      | Reached XP level 6. HP: 23/41 MP: 3/12
  3896 | D:4      | Reached skill level 8 in Alchemy
  4067 | D:4      | Found a radiant altar of Vehumet.
  4588 | D:5      | Entered Level 5 of the Dungeon
  4714 | D:5      | Reached * piety under Okawaru
  4716 | D:5      | Reached XP level 7. HP: 41/46 MP: 0/13
  4718 | D:5      | Reached skill level 1 in Fire Magic
  5093 | D:5      | Reached skill level 9 in Alchemy
  5187 | D:5      | Noticed Pikel
  5193 | D:5      | Paralysed by Pikel for 5 turns
  5203 | D:5      | Paralysed by Pikel for 3 turns
  5207 | D:5      | Killed Pikel
  5208 | D:5      | Reached skill level 3 in Fire Magic
  5208 | D:5      | Reached skill level 10 in Alchemy
  5208 | D:5      | Reached XP level 8. HP: 52/52 MP: 1/14
  5801 | D:6      | Found a sand-covered staircase.
  5843 | Ossuary  | Entered an ossuary
  5908 | Ossuary  | Reached ** piety under Okawaru
  6102 | Ossuary  | Reached skill level 4 in Fire Magic
  6182 | Ossuary  | Noticed Menkaure
  6186 | Ossuary  | Killed Menkaure
  6187 | Ossuary  | Reached skill level 11 in Alchemy
  6320 | D:6      | Found a glowing silver altar of Zin.
  6444 | D:6      | Reached skill level 12 in Alchemy
  6495 | D:6      | Reached XP level 9. HP: 57/57 MP: 15/15
  6676 | D:6      | Found a broken altar of Ashenzari.
  6737 | D:6      | Found an ornate altar of the Wu Jian Council.
  6809 | D:6      | Identified +0 steam dragon scales
  6809 | D:6      | Noticed Maggie
  6817 | D:6      | Killed Maggie
  6997 | D:6      | Found a shimmering altar of Xom.
  7423 | D:7      | Reached *** piety under Okawaru
  7594 | D:7      | Reached skill level 5 in Fire Magic
  7594 | D:7      | Reached skill level 13 in Alchemy
  7597 | D:7      | Reached skill level 3 in Dodging
  7607 | D:7      | Reached skill level 1 in Fighting
  7611 | D:7      | Reached skill level 2 in Fighting
  7734 | D:7      | Reached skill level 4 in Dodging
  7924 | D:7      | Found a bloodstained altar of Trog.
  8050 | D:8      | Reached skill level 3 in Fighting
  8052 | D:8      | Reached skill level 5 in Dodging
  8176 | D:8      | Identified the +7 orcbow of Magnificence {freeze, rElec}
  8420 | D:8      | Reached skill level 4 in Fighting
  8421 | D:8      | Reached **** piety under Okawaru
  8426 | D:8      | Reached skill level 6 in Dodging
  8426 | D:8      | Reached XP level 10. HP: 63/73 MP: 7/16
  8858 | D:8      | Found an ancient bone altar of Kikubaaqudgha.
  8996 | D:9      | Reached skill level 5 in Fighting
  9001 | D:9      | Reached skill level 7 in Dodging
  9436 | D:9      | Reached skill level 6 in Fighting
  9436 | D:9      | Reached skill level 8 in Dodging
  9555 | D:9      | Reached ***** piety under Okawaru
  9764 | D:10     | Entered Level 10 of the Dungeon
  9881 | D:10     | Reached skill level 1 in Long Blades
  9883 | D:10     | Reached skill level 2 in Long Blades
  9948 | D:10     | Identified a +0 crystal plate armour
  9964 | D:10     | Reached skill level 3 in Long Blades
  9976 | D:10     | Reached skill level 4 in Long Blades
  9981 | D:10     | Reached skill level 5 in Long Blades
 10074 | D:10     | Reached skill level 6 in Long Blades
 10200 | D:10     | Found a staircase to the Orcish Mines.
 10343 | D:10     | Found a runed translucent gate.
 10344 | D:10     | Found a runed translucent gate.
 10345 | D:10     | Found a runed translucent gate.
 10348 | D:10     | Noticed ILmort's ghost (novice DjCj)
 10420 | D:10     | Identified +0 acid dragon scales
 10725 | D:10     | Reached skill level 7 in Long Blades
 10785 | D:10     | Found a staircase to the Lair.
 10890 | D:10     | Noticed a kobold demonologist
 10897 | D:10     | Killed a kobold demonologist
 10897 | D:10     | Received a gift from Okawaru
 10898 | D:10     | Reached XP level 11. HP: 67/83 MP: 13/17
 10926 | D:10     | Reached skill level 8 in Long Blades
 11183 | D:10     | Found a viscous altar of Jiyva.
 11414 | D:11     | Found Ujo Duos's Distillery.
 11420 | D:11     | Noticed a boulder beetle
 11430 | D:11     | Killed a boulder beetle
 11431 | D:11     | Reached skill level 7 in Fighting
 11431 | D:11     | Reached skill level 9 in Dodging
 11448 | D:11     | Bought a potion of heal wounds for 80 gold pieces
 11448 | D:11     | Bought a potion of might for 64 gold pieces
 11448 | D:11     | Bought a potion of attraction for 48 gold pieces
 11448 | D:11     | Bought a potion of brilliance for 64 gold pieces
 11448 | D:11     | Bought a potion of invisibility for 128 gold pieces
 11785 | D:11     | Noticed a manticore
 11791 | D:11     | Found a glowing golden altar of the Shining One.
 11799 | D:11     | Killed a manticore
 11937 | D:11     | Noticed a two-headed ogre
 11943 | D:11     | Killed a two-headed ogre
 11944 | D:11     | Reached skill level 8 in Fighting
 11944 | D:11     | Reached skill level 10 in Dodging
 12400 | Lair:1   | Entered Level 1 of the Lair of Beasts
 12406 | D:10     | Received a gift from Okawaru
 12872 | Lair:1   | Reached skill level 1 in Invocations
 12875 | Lair:1   | Reached skill level 11 in Dodging
 12883 | Lair:1   | Reached skill level 9 in Fighting
 12883 | Lair:1   | Reached skill level 2 in Invocations
 13235 | Lair:1   | Reached skill level 3 in Invocations
 13296 | Lair:1   | Reached XP level 12. HP: 87/96 MP: 13/18
 13302 | Lair:1   | Received a gift from Okawaru
 13397 | Lair:1   | Reached skill level 4 in Invocations
 13412 | Lair:1   | Reached skill level 12 in Dodging
 13749 | Lair:1   | Reached ****** piety under Okawaru
 13750 | Lair:1   | Reached skill level 10 in Fighting
 13761 | Lair:1   | Acquired the +5 robe of Night {Dark Will+ SInv}
 13761 | Lair:1   | Received a gift from Okawaru
 13761 | Lair:1   | Found the +5 robe of Night {Dark Will+ SInv}
 13779 | Lair:1   | Acquired a +2 triple sword of freezing
 13779 | Lair:1   | Received a gift from Okawaru
 14014 | Lair:1   | Received a gift from Okawaru
 14015 | Lair:1   | Reached skill level 9 in Long Blades
 14102 | Lair:1   | Noticed a six-headed hydra
 14132 | Lair:1   | Killed a six-headed hydra
 14311 | Lair:1   | Reached skill level 10 in Long Blades
 14735 | Lair:2   | Reached skill level 11 in Long Blades
 14744 | Lair:2   | Found a dark tunnel.
 14834 | Volcano  | Entered a volcano
 14885 | Volcano  | HP: 7/97 [fire elemental (10)]
 15354 | Volcano  | Reached skill level 12 in Long Blades
 15481 | Volcano  | Received a gift from Okawaru
 15615 | Volcano  | Identified +0 fire dragon scales
 16120 | Lair:2   | Reached skill level 13 in Long Blades
 16120 | Lair:2   | Reached XP level 13. HP: 91/103 MP: 14/19
 16566 | Lair:2   | Reached skill level 14 in Long Blades
 16639 | Lair:2   | Noticed Nergalle
 16645 | Lair:2   | Killed Nergalle
 16811 | Lair:2   | Found a staircase to the Snake Pit.
 16829 | Lair:2   | Received a gift from Okawaru
 17216 | Lair:2   | Found a staircase to the Shoals.
 17753 | Lair:3   | Reached skill level 15 in Long Blades
 17926 | Lair:3   | Noticed Amaemon
 17936 | Lair:3   | Killed Amaemon
 18594 | Lair:3   | Reached skill level 16 in Long Blades
 18597 | Lair:3   | Received a gift from Okawaru
 19511 | Lair:3   | Reached skill level 17 in Long Blades
 19722 | Lair:4   | Received a gift from Okawaru
 20484 | Lair:4   | Reached XP level 14. HP: 110/110 MP: 20/20
 20752 | Lair:4   | Reached skill level 18 in Long Blades
 20922 | Lair:5   | Entered Level 5 of the Lair of Beasts
 21124 | Lair:5   | Reached skill level 19 in Long Blades
 21247 | Lair:5   | Received a gift from Okawaru
 21517 | Lair:5   | Reached skill level 5 in Invocations
 22375 | Lair:5   | Received a gift from Okawaru
 22670 | Lair:5   | Reached skill level 6 in Invocations
 22916 | Lair:5   | Reached skill level 13 in Dodging
 22929 | Lair:5   | HP: 10/111 [poisoned by a cane toad]
 22933 | Lair:4   | HP: 4/111 [poisoned by a cane toad]
 22937 | Lair:4   | HP: 1/111 [poisoned by a cane toad]
 23336 | Lair:5   | Identified the ring "Olydisa" {rC+++ rCorr Str-4 Int-2}
 23391 | Lair:5   | Found a viscous altar of Jiyva.
 23392 | Lair:5   | Found a staircase to the Slime Pits.
 23878 | Lair:5   | Reached skill level 11 in Fighting
 24478 | Lair:5   | Received a gift from Okawaru
 24479 | Lair:5   | Reached XP level 15. HP: 107/118 MP: 13/21
 24810 | Lair:5   | Identified +0 fire dragon scales
 24811 | Lair:5   | Reached skill level 7 in Invocations
 25141 | Lair:5   | Found a viscous altar of Jiyva.
 25142 | Lair:5   | Found a staircase to the Slime Pits.
 25304 | Lair:5   | Reached skill level 20 in Long Blades
 26298 | D:10     | Killed ILmort's ghost
 26431 | Orc:1    | Entered Level 1 of the Orcish Mines
 26537 | Orc:1    | Found a roughly hewn altar of Beogh.
 26565 | Orc:1    | Noticed Jorgrun
 26767 | Orc:1    | Killed Jorgrun
 26767 | Orc:1    | Received a gift from Okawaru
 26768 | Orc:1    | Reached skill level 14 in Dodging
 26915 | Orc:1    | Found Agoerago's Armour Shop.
 27150 | Orc:2    | Entered Level 2 of the Orcish Mines
 27348 | Orc:2    | Found a staircase to the Elven Halls.
 27649 | Orc:2    | Reached skill level 8 in Invocations
 27761 | Orc:2    | Found an ancient bone altar of Kikubaaqudgha.
 27967 | Orc:2    | Noticed Erolcha
 27973 | Orc:2    | Killed Erolcha
 27974 | Orc:2    | Reached skill level 12 in Fighting
 27980 | Orc:2    | Found a roughly hewn altar of Beogh.
 27999 | Orc:2    | Found Vumuo's Book Shoppe.
 28025 | Orc:2    | Found Ynuzox's Magic Scroll Emporium.
 28071 | Orc:2    | Found Atuex's Antique Weapon Emporium.
 28090 | Orc:2    | Found a radiant altar of Vehumet.
 28177 | Orc:2    | Found Qoolilywae's Book Emporium.
 28214 | Orc:2    | Found a runed translucent gate.
 28216 | Orc:2    | Found a runed translucent gate.
 28216 | Orc:2    | Found a runed translucent gate.
 28358 | Orc:2    | Received a gift from Okawaru
 28796 | Orc:2    | Noticed Domino's ghost (journeyman MiFi)
 28811 | Orc:2    | Killed Domino's ghost
 28933 | Orc:1    | Bought the +2 hat of the Bear Spirit {Spirit, Bear, *Rage
                  | Will++} for 523 gold pieces
 28933 | Orc:1    | Found the +2 hat of the Bear Spirit {Spirit, Bear, *Rage
                  | Will++}
 29168 | D:11     | Bought a potion of mutation for 128 gold pieces
 29308 | Orc:2    | Bought a scroll of identify for 30 gold pieces
 29308 | Orc:2    | Bought a scroll of identify for 30 gold pieces
 29308 | Orc:2    | Bought a scroll of identify for 30 gold pieces
 30225 | D:12     | Identified the +2 chain mail "Uceisiop" {rElec Stlth+}
 30867 | D:13     | Received a gift from Okawaru
 30876 | D:13     | Reached skill level 9 in Invocations
 30876 | D:13     | Identified +0 acid dragon scales
 30978 | D:13     | Found a gate to the Vaults.
 31018 | D:13     | Reached skill level 15 in Dodging
 31261 | D:13     | Noticed Sonja
 31292 | D:13     | Killed Sonja
 31429 | D:13     | Reached XP level 16. HP: 115/129 MP: 16/22
 31523 | D:13     | Identified a potion of resistance
 31548 | D:13     | Received a gift from Okawaru
 31609 | D:13     | Identified a +1 crystal plate armour
 32322 | D:14     | Found an ancient bone altar of Kikubaaqudgha.
 32326 | D:14     | Reached skill level 21 in Long Blades
 32371 | D:14     | Reached skill level 13 in Fighting
 32379 | D:14     | Identified the +4 ring mail of the Heavens {rPois rF++ rN+
                  | Will-}
 32404 | D:14     | Found a gate leading to a gauntlet.
 32428 | Gauntlet | Entered a Gauntlet
 32541 | Gauntlet | Found a transporter.
 32553 | Gauntlet | Found a transporter.
 32556 | Gauntlet | Found a transporter.
 32558 | Gauntlet | Found a transporter.
 32586 | Gauntlet | Found a transporter.
 32597 | Gauntlet | Found a transporter.
 32622 | Gauntlet | Found a transporter.
 32647 | Gauntlet | Found a transporter.
 32661 | Gauntlet | Found a transporter.
 32697 | Gauntlet | Found a transporter.
 32759 | Gauntlet | Found a transporter.
 32759 | Gauntlet | Found a transporter.
 33037 | Gauntlet | Identified the ring "Aschamuoxt" {rF+ Int+4 SInv}
 33076 | Gauntlet | Identified the +1 flail of Uskayaw's Supremacy {holy, rC+
                  | Str+2 Dex+2 SInv}
 33120 | Gauntlet | Identified the +0 ring mail of Oxaimitra {rElec rF+ Int+4}
 33291 | D:14     | Received a gift from Okawaru
 33302 | D:14     | Reached skill level 10 in Invocations
 34077 | D:15     | Entered Level 15 of the Dungeon
 34188 | D:15     | Found a shimmering altar of Xom.
 34253 | D:15     | Found Ycyocol's Armour Shoppe.
 34324 | D:15     | Reached skill level 16 in Dodging
 34656 | D:15     | Received a gift from Okawaru
 35173 | D:15     | Found a staircase to the Depths.
 35934 | Shoals:1 | Entered Level 1 of the Shoals
 35938 | Shoals:1 | Found Tumabbig's Jewellery Shop.
 36002 | Shoals:1 | Found a runed translucent door.
 36002 | Shoals:1 | Noticed Keohatt's ghost (adept FoHs)
 36154 | Shoals:1 | Noticed Mlioglotl
 36157 | Shoals:1 | Noticed a tentacled starspawn
 36164 | Shoals:1 | Killed Mlioglotl
 36252 | Shoals:2 | Received a gift from Okawaru
 36281 | Shoals:2 | Reached skill level 11 in Invocations
 36642 | Shoals:1 | Reached skill level 14 in Fighting
 36854 | Shoals:1 | Reached XP level 17. HP: 139/139 MP: 21/25
 37029 | Shoals:1 | Noticed Kirke
 37043 | Shoals:1 | Killed Kirke
 37224 | Shoals:1 | Received a gift from Okawaru
 37630 | Shoals:1 | Killed Keohatt's ghost
 37672 | Shoals:1 | Bought the amulet of the Black Skies {RegenMP ^Fragile
                  | Slay+5} for 995 gold pieces
 37704 | Shoals:2 | Noticed a kraken
 37715 | Shoals:2 | Killed a kraken
 37716 | Shoals:2 | Reached skill level 17 in Dodging
 37789 | Shoals:2 | Noticed Polyphemus
 37804 | Shoals:2 | Killed Polyphemus
 37838 | Shoals:2 | Reached skill level 22 in Long Blades
 37888 | Shoals:2 | Noticed Ilsuiw
 37897 | Shoals:2 | Killed Ilsuiw
 38742 | Shoals:3 | Reached skill level 12 in Invocations
 38768 | Shoals:3 | Received a gift from Okawaru
 39424 | Shoals:3 | Reached skill level 15 in Fighting
 39761 | Shoals:3 | Reached skill level 18 in Dodging
 39764 | Shoals:3 | Received a gift from Okawaru
 39962 | Shoals:4 | Entered Level 4 of the Shoals
 40295 | Shoals:4 | Paralysed by a formless jellyfish for 1 turns
 40301 | Shoals:4 | Paralysed by a formless jellyfish for 1 turns
 40761 | Shoals:4 | Found Qeydoc's Overcharged Wands.
 40767 | Shoals:4 | Found a broken altar of Ashenzari.
 40768 | Shoals:4 | Got the Octavo of the Red Welkin
 40904 | Shoals:4 | Bought a wand of digging (11) for 693 gold pieces
 41111 | Shoals:4 | Received a gift from Okawaru
 41314 | Shoals:4 | Reached skill level 16 in Fighting
 41314 | Shoals:4 | Reached XP level 18. HP: 135/151 MP: 27/27
 41723 | Shoals:4 | Reached skill level 19 in Dodging
 41985 | Shoals:4 | Got a barnacled rune of Zot
 42266 | Shoals:4 | Upgraded the game from 0.32-a0-407-g4da7c8d6d1 to
                  | 0.32-a0-422-g28b100f618
 42392 | Snake:1  | Entered Level 1 of the Snake Pit
 42436 | Snake:1  | HP: 14/153 [poisoned by a naga ritualist (toxic radiance)]
 42441 | Snake:1  | HP: 8/153 [poisoned by a naga ritualist (toxic radiance)]
 43073 | Snake:1  | Received a gift from Okawaru
 44648 | Snake:2  | Identified the serpent talisman of the Cuttlefish {rC+
                  | Will+ SInv}
 44648 | Snake:2  | Noticed Aizul
 44834 | Snake:2  | Reached skill level 20 in Dodging
 44884 | Snake:2  | Reached skill level 17 in Fighting
 45294 | Snake:2  | Received a gift from Okawaru
 45672 | Snake:2  | Identified the +0 robe of the Shore {Str+7 Dex-4 Stlth+}
 45918 | Snake:2  | Killed Aizul
 46202 | Snake:2  | Received a gift from Okawaru
 46896 | Snake:3  | Reached skill level 21 in Dodging
 47914 | Snake:4  | Entered Level 4 of the Snake Pit
 48001 | Snake:4  | Reached skill level 18 in Fighting
 48320 | Snake:4  | Reached XP level 19. HP: 121/163 MP: 28/28
 48467 | Snake:4  | Received a gift from Okawaru
 48476 | Snake:4  | HP: 13/163 [guardian serpent/bolt of poison (11)]
 48477 | Snake:4  | HP: 2/163 [poisoned by a guardian serpent (bolt of poison)]
 48478 | Snake:4  | Succumbed to a guardian serpent's bolt of poison

Vanquished Creatures
  Jorgrun (Orc:1)
  Mlioglotl (Shoals:1)
  The ghost of Keohatt the Marksant, an adept FoHs of Okawaru (Shoals:1)
  Polyphemus (Shoals:2)
  A kraken (Shoals:2)
  Aizul (Snake:2)
  Kirke (Shoals:1)
  Ilsuiw (Shoals:2)
  A formless jellyfish (Shoals:4)
  An ironbound preserver (D:13)
  The ghost of Domino the Severer, a journeyman MiFi of Qazlal (Orc:2)
  A minotaur (Gauntlet)
  6 merfolk javelineers
  A fire dragon (Lair:5)
  An entropy weaver (shapeshifter) (D:14)
  5 merfolk impalers
  A salamander tyrant (Snake:2)
  3 rakshasas
  Erolcha (Orc:2)
  4 ogre magi
  5 hydras
  6 boulder beetles
  A catoblepas (Shoals:2)
  9 merfolk avatars
  10 anacondas
  6 merfolk aquamancers
  3 alligator snapping turtles
  2 satyrs (Shoals:3)
  9 death yaks
  7 centaur warriors
  8 two-headed ogres
  3 tengu warriors
  13 naga sharpshooters
  7 naga warriors
  Nergalle (Lair:2)
  Amaemon (Lair:3)
  The ghost of ILmort the Fighter, a novice DjCj of Hepliaklqana (D:10)
  An occultist (D:15)
  5 shock serpents
  Sonja (D:13)
  3 skysharks
  2 salamander mystics (Snake:2)
  11 mana vipers
  9 sea snakes
  4 naga ritualists
  8 harpies
  Pikel (D:5)
  4 lindwurms
  5 ugly things
  A necromancer (D:15)
  3 orc knights
  2 wolf spiders
  8 fauns
  2 deep elf pyromancers
  12 orc sorcerers
  20 manticores
  11 salamanders
  7 cyclopes
  4 meliai
  39 black mambas
  9 merfolk sirens
  3 kobold blastminers
  7 guardian serpents
  3 water nymphs
  18 cane toads
  2 molten gargoyles (Volcano)
  7 naga magi
  A centaur zombie (D:15)
  7 torpor snails
  2 gargoyles (D:13)
  An orange demon (Lair:3)
  A centaur skeleton (D:15)
  Maggie (D:6)
  An unseen horror (D:11)
  5 komodo dragons
  A freezing wraith (D:13)
  3 rime drakes
  5 tengu conjurers
  A kobold demonologist (D:10)
  5 efreet
  11 trolls
  22 merfolk
  7 wind drakes
  A wind drake (shapeshifter) (D:14)
  3 tyrant leeches (Lair:5)
  5 polar bears
  10 hornets (Lair:5)
  23 blink frogs
  13 dream sheep
  10 snapping turtles
  A centaur simulacrum (D:14)
  8 shadows
  12 slime creatures
  72 yaks
  5 water elementals
  8 wyverns
  A vampire (D:14)
  A wraith (D:12)
  3 humans (Shoals:1)
  A spriggan (Lair:2)
  3 hogs (Shoals:1)
  3 fire bats (Lair:2)
  5 basilisks
  7 fire elementals
  2 wargs
  3 redbacks
  4 vampire mosquitoes (D:12)
  2 steam dragons
  Menkaure (Ossuary)
  24 nagas
  4 acid dragons
  24 water moccasins
  2 hell hounds (Gauntlet)
  14 orc warriors
  6 black bears
  A sky beast (D:8)
  A laughing skull (D:13)
  18 wolves
  7 centaurs
  14 ogres
  2 lemures (D:5)
  Blork the orc (D:4)
  3 kobold brigands
  A phantom (D:6)
  7 bullfrogs
  A gnoll sergeant (D:9)
  4 earth elementals (Volcano)
  A scorpion (D:4)
  5 wights (D:8)
  20 killer bees
  4 howler monkeys
  4 electric eels
  2 bombardier beetles
  A lava snake (Lair:3)
  3 hounds
  7 jellies
  A gnoll bouda (D:5)
  7 orc priests
  2 sleepcaps
  Terence (D:2)
  An iguana (D:5)
  5 hell rats (Lair:4)
  4 scorpion zombies (D:6)
  A boggart zombie (D:15)
  40 orc wizards
  3 mummies (Ossuary)
  9 gnolls
  6 adders
  3 howler monkey skeletons (D:6)
  A white imp (D:5)
  2 ribbon worms
  4 dart slugs
  58 orcs
  4 bats
  5 endoplasms
  2 giant cockroaches
  8 goblins
  5 hobgoblins
  2 jackals (D:1)
  6 quokkas
  6 ball pythons
  3 frilled lizards (D:1)
  5 gnoll skeletons (Ossuary)
  2 gnoll zombies (Ossuary)
  6 goblin skeletons (Ossuary)
  3 goblin zombies (Ossuary)
  2 hobgoblin zombies (Ossuary)
  16 kobolds
  2 kobold skeletons (Ossuary)
  10 kobold zombies (Ossuary)
  5 orc skeletons (Ossuary)
  5 orc zombies (Ossuary)
  3 rats
  7 rat skeletons (Ossuary)
  3 rat zombies (Ossuary)
1058 creatures vanquished.

Vanquished Creatures (others)
  A merfolk aquamancer (Shoals:4)
  A naga warrior (Snake:4)
  A merfolk (Shoals:1)
  A dream sheep (Shoals:4)
  2 starspawn tentacles (Shoals:1)
6 creatures vanquished.

Grand Total: 1064 creatures vanquished
